 Dungeon Crawl Stone Soup version 0.27.1-34-g3ba077fa99 (webtiles) character file.

Game seed: 6011275266416555672

23 KamiKatze the Skirmisher (level 2, -1/25 HPs)
             Began as a Palentonga Fighter on Jan 14, 2022.
             Succumbed to an adder's poison
             ... on level 2 of the Dungeon.
             The game lasted 00:06:05 (741 turns).

KamiKatze the Skirmisher (Palentonga Fighter)        Turns: 741, Time: 00:06:06

Health: -1/25      AC:  6    Str: 19    XL:     2   Next: 75%
Magic:  2/2        EV:  5    Int:  8    God:
Gold:   23         SH:  8    Dex:  9    Spells: 1/1 levels left

rFire    . . .     SeeInvis +   a - +0 war axe
rCold    . . .     Faith    .   c - +0 kite shield
rNeg     . . .     Spirit   .   b - +0 scale mail
rPois    .         Reflect  .   (no helmet)
rElec    .         Harm     .   (no cloak)
rCorr    .         Rampage  .   (no gloves)
Will     .....                  (no barding)
Stlth    ..........             (no amulet)
HPRegen  0.08/turn              (no ring)
MPRegen  0.08/turn              (no ring)

@: mighty, lethally poisoned (-1 -> -15)
A: large, rugged brown scales 3, see invisible, deformed body, roll 1, armoured
tail
a: Rolling Charge


You were on level 2 of the Dungeon.
You visited 1 branch of the dungeon, and saw 2 of its levels.

You collected 23 gold pieces.

Inventory:

Hand Weapons
 a - a +0 war axe (weapon)
Missiles
 i - 52 stones
Armour
 b - a +0 scale mail (worn)
 c - a +0 kite shield (worn)
Scrolls
 e - 2 scrolls of amnesia {unknown}
 f - 2 scrolls of identify {unknown}
 g - a scroll of fog {unknown}
 h - a scroll of teleportation {unknown}


   Skills:
 + Level 3.2 Fighting
 * Level 2.6 Axes
 - Level 2.4 Armour
 * Level 2.8 Shields


You had one spell level left.
You didn't know any spells.
Your spell library was empty.

Dungeon Overview and Level Annotations

Branches:
Dungeon (2/15)

Altars:

Shops:
D:1 =(?(


Innate Abilities, Weirdness & Mutations

You are completely covered in rugged brown scales. (AC +3, +7% HP)
You have supernaturally acute eyesight. (SInv)
Armour fits poorly on your strangely shaped body.
You can roll at nearby foes to attack.
You have a long armoured tail.


Message History

You miss the adder.
Your tail-slap misses the adder.
The adder bites you but does no damage. You block the adder's attack.
You barely miss the adder.
Your tail-slap misses the adder.
The adder barely misses you. The adder bites you.
You hit the adder.
The adder is moderately wounded.
You block the adder's attack. The adder bites you.
You are poisoned.
The adder poisons you!
You barely miss the adder.
Your tail-slap misses the adder.
The adder is moderately wounded.
You feel very sick. The adder bites you. x2
You are more poisoned.
The adder poisons you! The adder bites you.
You are lethally poisoned!
The adder poisons you!
You are too injured to fight recklessly!
You are too injured to fight recklessly!
You are too injured to fight recklessly!
You are too injured to fight recklessly!
You miss the adder.
The adder is moderately wounded.
* * * LOW HITPOINT WARNING * * *
You feel very sick. The adder barely misses you.
A kobold comes into view. It is wielding a +0 short sword.
The adder bites you.
* * * LOW HITPOINT WARNING * * *
You barely miss the adder.
The adder is moderately wounded.
* * * LOW HITPOINT WARNING * * *
You feel very sick.
The kobold shouts!
The adder bites you.
* * * LOW HITPOINT WARNING * * *
You are more poisoned.
The adder poisons you! The adder bites you but does no damage.
You feel very mighty all of a sudden.
You die...

# .#
####.####
#.@S...K#
#<##.#....
#.# # .
#.# #.#
#.# #>.
###


You could see an adder and a kobold.

Vanquished Creatures
  A dart slug (D:1)
  2 endoplasms (D:1)
  A hobgoblin (D:1)
  4 kobolds (D:1)
  4 ball pythons (D:1)
  5 bats (D:1)
  A frilled lizard (D:1)
  2 goblins (D:1)
  4 rats
24 creatures vanquished.

Notes
Turn   | Place    | Note
-------+----------+-------------------------------------------
     0 | D:1      | KamiKatze the Palentonga Fighter began the quest for the
                  | Orb.
     0 | D:1      | Reached XP level 1. HP: 19/19 MP: 1/1
    38 | D:1      | Found Nass's Jewellery Shop.
    99 | D:1      | Found a faded altar of an unknown god.
   151 | D:1      | Reached XP level 2. HP: 20/25 MP: 2/2
   174 | D:1      | Found Ruumm's Magic Scroll Emporium.
   355 | D:1      | Found Kutho's Antique Weapon Emporium.
   609 | D:1      | Found Enaily's Weapon Shoppe.
   741 | D:2      | Succumbed to an adder's poison

Illustrated notes

Levels and vault maps discovered:
D:1:      mushboom_english_gardens, layout_loops_ring, serial_shops,
          nicolae_shop_temple_entry_statues_fountains, shop, shop,
          nicolae_shop_waterfront, dreamdust_ecumenical_altar_statues
D:2:      layout_loops_cross, skrybe_limestone_x, uniq_natasha

Action                   || total
-------------------------++-------
Melee: War axe           ||    83
       Tailslap          ||     5
  Use: Potion            ||     1
Armor: Scale mail        ||    54
Dodge: Dodged            ||    20
Block: Kite shield       ||    55
